 Dungeon Crawl Stone Soup version 0.27.0-1-g7a089689b8 (webtiles) character file.

Game seed: 3783368210045125381

98 theswoord the Twirler (level 4, -5/33 HPs)
             Began as a Demonspawn Gladiator on Aug 8, 2021.
             Slain by a gnoll (10 damage)
             ... on level 3 of the Dungeon.
             The game lasted 00:06:07 (3299 turns).

theswoord the Twirler (Demonspawn Gladiator)        Turns: 3299, Time: 00:06:08

Health: -5/33      AC: 19    Str: 16    XL:     4   Next: 43%
Magic:  4/4        EV:  7    Int:  9    God:
Gold:   35         SH:  0    Dex: 14    Spells: 3/3 levels left

rFire    . . .     SeeInvis .   a - +1 quarterstaff
rCold    . . .     Faith    .   (shield currently unavailable)
rNeg     . . .     Spirit   .   n - +0 chain mail
rPois    .         Reflect  .   c - +0 helmet
rElec    .         Harm     .   j - scarf {+Inv}
rCorr    .         Rampage  .   e - +2 pair of gloves
Will     +....                  m - +2 pair of boots
Stlth    ..........             (no amulet)
HPRegen  0.11/turn              f - +4 ring of protection
MPRegen  0.18/turn              h - ring of willpower

@: no status effects
A: powered by pain 1, magic regeneration
a: Evoke Invisibility


You were on level 3 of the Dungeon.
You visited 1 branch of the dungeon, and saw 3 of its levels.

You collected 89 gold pieces.
You spent 54 gold pieces at shops.

Inventory:

Hand Weapons
 a - a +1 quarterstaff (weapon)
Missiles
 d - 3 throwing nets (quivered)
Armour
 b - a +0 leather armour
 c - a +0 helmet (worn)
 e - a +2 pair of gloves (worn)
 j - a scarf of invisibility (worn)
 m - a +2 pair of boots (worn)
 n - a +0 chain mail (worn)
Jewellery
 f - a +4 ring of protection (left hand)
 h - a ring of willpower (right hand)
 k - a ring of flight
Scrolls
 g - 2 scrolls of identify
 i - 2 scrolls of teleportation
Potions
 l - a potion of flight {unknown}


   Skills:
 - Level 2.0 Fighting
 + Level 4.8 Staves
 - Level 1.7 Throwing
 - Level 2.6 Dodging


You had 3 spell levels left.
You didn't know any spells.
Your spell library contained the following spells:

 Spells                   Type           Power      Damage    Failure   Level
 Sandblast                Erth           0%         2d4       100%        1
 Shock                    Conj/Air       0%         1d3       100%        1
 Sting                    Tmut/Pois      0%         1d3       100%        1


Dungeon Overview and Level Annotations

Branches:
Dungeon (3/15)

Altars:

Shops:
D:3 *


Innate Abilities, Weirdness & Mutations

You sometimes gain a little power by taking damage.
You regenerate magic rapidly.


Message History

The gnoll hits you with a +0 halberd.
You hit the gnoll.
The gnoll is lightly wounded.
The gnoll barely misses you.
You sock the gnoll!
The gnoll is severely wounded.
The gnoll hits you but does no damage.
You hit the gnoll but do no damage.
The gnoll is severely wounded.
The gnoll hits you with a +0 halberd.
You barely miss the gnoll.
The gnoll is severely wounded.
The gnoll hits you with a +0 halberd.
* * * LOW HITPOINT WARNING * * *
You hit the gnoll.
The gnoll is severely wounded.
The gnoll barely misses you.
You completely miss the gnoll.
The gnoll is severely wounded.
The gnoll barely misses you.
You hit the gnoll but do no damage.
The gnoll is severely wounded.
The gnoll hits you but does no damage.
You barely miss the gnoll.
The gnoll is severely wounded.
The gnoll hits you but does no damage.
You hit the gnoll but do no damage.
The gnoll is severely wounded.
The gnoll hits you but does no damage.
You hit the gnoll.
The gnoll is almost dead.
The gnoll barely misses you.
You completely miss the gnoll.
The gnoll is almost dead.
The gnoll barely misses you. The gnoll hits you with a +0 halberd!
* * * LOW HITPOINT WARNING * * *
You barely miss the gnoll.
The gnoll is almost dead.
The gnoll hits you with a +0 halberd!
You die...

#...............<.>###.# #....#
#.################..##.###....#
#........................#....#
#..###############.......#....#
#.........(...###...<....#....#
#.......†##........#.....#....###
#........##....).................
#........##......g#..#.#####'####
#........##.....@.#....#####.# #
#........##.......#.#..#.....####
#........####.###.#.#..#.###.....
#........# #.# #.#.#..#.# #.....
#........# #.# #.#.##.#.# #..g..
#........# #.# #.#.##.#.# #.....
#.#......# #.# #.#.#....# #.....
#.######## #.# #.#.#....# ######
#.# ######.# #.#.#.#..# #


You could see a gnoll.

Vanquished Creatures
  A gnoll (D:3)
  An adder (D:2)
  A howler monkey skeleton (D:3)
  A dart slug (D:2)
  3 orcs (D:3)
  11 bats
  6 endoplasms
  9 goblins
  3 hobgoblins
  6 jackals
  3 quokkas
  4 ball pythons
  5 frilled lizards
  4 kobolds
  5 rats
63 creatures vanquished.

Notes
Turn   | Place    | Note
-------+----------+-------------------------------------------
     0 | D:1      | theswoord the Demonspawn Gladiator began the quest for the
                  | Orb.
     0 | D:1      | Reached XP level 1. HP: 16/16 MP: 1/1
    45 | D:1      | Reached skill level 3 in Staves
   205 | D:1      | Gained mutation: You regenerate magic rapidly. [demonic
                  | ancestry]
   205 | D:1      | Reached XP level 2. HP: 19/22 MP: 2/2
   694 | D:1      | Reached XP level 3. HP: 27/27 MP: 3/3
   720 | D:1      | Found a faded altar of an unknown god.
   807 | D:1      | Got Sorcery for Neophytes
  1356 | D:2      | Reached skill level 4 in Staves
  2730 | D:3      | Gained mutation: You sometimes gain a little power by
                  | taking damage. [demonic ancestry]
  2730 | D:3      | Reached XP level 4. HP: 33/33 MP: 4/4
  2847 | D:3      | Found Ybulis's General Store.
  2853 | D:3      | Bought a +0 chain mail for 54 gold pieces
  2937 | D:3      | Noticed an ogre
  3299 | D:3      | Slain by a gnoll

Skill      XL: |  1  2  3 |
---------------+----------+-----
Staves         | 3 4 |  4.8
Fighting       | |  2.0
Throwing       | |  1.7
Dodging        | |  2.6

Action                   |  1- 3 |  4- 6 || total
-------------------------+-------+-------++-------
Melee: Quarterstaff      |   138 |    47 ||   185
  Use: Scroll            |     4 |       ||     4
 Stab: Sleeping          |     1 |       ||     1
Armor: Leather armour    |    73 |     8 ||    81
       Chain mail        |       |    17 ||    17
Dodge: Dodged            |   107 |    37 ||   144

Levels and vault maps discovered:
D:1:      dpeg_arrival_subterranean_lakeside_camping, layout_basic,
          shapermc_ecumenical_altar_petra
D:2:      layout_basic
D:3:      layout_basic, serial_shops, shop
